 Dungeon Crawl Stone Soup version 0.28-a0-1213-g0243856f03 (webtiles) character file.

Game seed: 7448910313095065635

5 RancidPinata the Sneak (level 1, -1/14 HPs)
             Began as a Gargoyle Delver on Dec 21, 2021.
             Slain by a sky beast (2 damage)
             ... on level 6 of the Dungeon.
             The game lasted 00:00:37 (77 turns).

RancidPinata the Sneak (Gargoyle Delver)              Turns: 77, Time: 00:00:38

Health: -1/14      AC:  5    Str: 15    XL:     1   Next: 80%
Magic:  1/1        EV: 11    Int: 10    God:
Gold:   0          SH:  0    Dex: 11    Spells: 0/0 levels left

rFire   . . .      SeeInvis .   a - +0 mace
rCold   . . .      Faith    .   (no shield)
rNeg    + . .      Spirit   .   b - +0 leather armour
rPois   ∞          Reflect  .   (no helmet)
rElec   +          Harm     .   (no cloak)
rCorr   .          Rampage  .   (no gloves)
Will    .....                   (no boots)
Stlth   +++.......              (no amulet)
HPRegen 0.04/turn               (no ring)
MPRegen 0.07/turn               (no ring)

@: no status effects
A: sickness immunity, AC +2, negative energy resistance 1, electricity
resistance, torment resistance 1, petrification resistance
a: no special abilities


You were on level 6 of the Dungeon.
You visited 1 branch of the dungeon, and saw 2 of its levels.

Inventory:

Hand Weapons
 a - a +0 mace (weapon)
Armour
 b - a +0 leather armour (worn)
Wands
 g - a wand of digging (3)
Scrolls
 c - a scroll of fog
 d - a scroll of magic mapping
 e - a scroll of fear
Potions
 f - a potion of haste
 h - a potion of might {unknown}


   Skills:
 * Level 3.4 Fighting
 * Level 2.1 Maces & Flails
 + Level 0.2 Armour
 + Level 1.6 Dodging
 + Level 5.5 Stealth


You couldn't memorise any spells.
You didn't know any spells.
Your spell library was empty.

Dungeon Overview and Level Annotations

Branches:
Dungeon (6/15)             Temple (0/1) D:6

Altars:


Innate Abilities, Weirdness & Mutations

You are immune to sickness and miasma.
Your stone body is resilient. (AC +2)
You are immune to poison.
You resist negative energy. (rN+)
You are resistant to electric shocks. (rElec)
You are resistant to unholy torment.
You are immune to petrification.


Message History

The ufetubus hits you but does no damage.
You climb upwards.
There is a stone staircase leading down here.
You start resting.
HP restored.
An orc and an orc priest come into view.
There is a stone staircase leading down here.
You climb downwards.
The ufetubus misses you. The ufetubus barely misses you. x2
The ufetubus closely misses you.
There is a stone staircase leading up here.
You closely miss the ufetubus. The ufetubus closely misses you. x2
The ufetubus hits you. x2
A gnoll comes into view. It is wielding a +0 halberd.
You barely miss the ufetubus. The ufetubus misses you. The ufetubus hits you.
The ufetubus barely misses you.
The ufetubus hits you but does no damage.
A gnoll comes into view. It is wielding a +0 whip.
A sky beast comes into view.
You miss the ufetubus. The ufetubus misses you.
The ufetubus barely misses you. x3
You closely miss the ufetubus. The ufetubus misses you. The ufetubus hits you.
The ufetubus hits you but does no damage.
The ufetubus barely misses you.
A gnoll shaman comes into view. It is wielding a +0 whip.
The gnoll shaman shouts!
You hit the ufetubus.
You kill the ufetubus!
Found 20 gold pieces.
Found a staircase to the Ecumenical Temple.
A gnoll comes into view. It is wielding a +0 club.
Found a scroll labelled UTEPHINOLU.
The gnoll shouts!
The gnoll hits you but does no damage. The gnoll hits you with a +0 whip.
* * * LOW HITPOINT WARNING * * *
The gnoll hits you with a +0 club.
* * * LOW HITPOINT WARNING * * *
The sky beast hits you.
* * * LOW HITPOINT WARNING * * *
The sky beast shocks you. You resist.
You die...

#### .#.# # ...##..
....... ####..... .
##..#...# .#
#......##..#
#...@...#.##...### ##
#..gY.##..#.......
#..##g.gg...##..>..##
##.........#.....?..#
#............###...#
#
###.##...#.....###.#
.# ##
#..##?..#...#.#...
##.##...##........
#########...#....


You could see a sky beast, a gnoll shaman and 3 gnolls.

Vanquished Creatures
  An ufetubus (D:6)
1 creature vanquished.

Notes
Turn   | Place    | Note
-------+----------+-------------------------------------------
     0 | D:5      | RancidPinata the Gargoyle Delver began the quest for the
                  | Orb.
     0 | D:5      | Reached XP level 1. HP: 14/14 MP: 1/1
    52 | D:5      | Noticed an orc priest
    59 | D:6      | Noticed a sky beast
    61 | D:6      | Noticed a gnoll shaman
    63 | D:6      | Found a staircase to the Ecumenical Temple.
    77 | D:6      | Slain by a sky beast

Illustrated notes

Levels and vault maps discovered:
D:5:      layout_loops_ring, serial_shops, shop_fountains, minmay_crossroads
D:6:      layout_cave_pools, minmay_temple_entry_slanted

Action                   || total
-------------------------++-------
Melee: Mace              ||     5
Armor: Leather armour    ||     4
Dodge: Dodged            ||    14

Table legend: (Time is in decaauts)
 A = Elapsed time spent in this place.
 B = Non-inter-level travel time spent in this place.
 C = Inter-level travel time spent in this place.
 D = Time resting spent in this place.
 E = Time spent auto-exploring this place.
 F = Levels seen in this place.
 G = Mean time per level.
                   A        B        C        D        E       F      G
               +--------+--------+--------+--------+--------+-----+--------+
         Total |     79 |     79 |      0 |     41 |      0 |   2 |   39.5 |
       Dungeon |     79 |     79 |      0 |     41 |      0 |   2 |   39.5 |
               +--------+--------+--------+--------+--------+-----+--------+

Top non-repeatable levels by time:
     D:5: 55 daAuts
     D:6: 23 daAuts
